 Dungeon Crawl Stone Soup version 0.13-a0-2505-g5f0fbe2 (webtiles) character file.

19222 Bloax the Cleaver (level 12, -2/76 HPs)
             Began as a Gargoyle Berserker on July 23, 2013.
             Was a High Priest of Trog.
             Slain by an eight-headed hydra (3 damage)
             ... on Level 3 of the Lair of Beasts.
             The game lasted 00:41:27 (11584 turns).

Bloax the Cleaver (Gargoyle Berserker)             Turns: 11584, Time: 00:41:28

HP  -2/76        AC 32     Str 26      XL: 12   Next: 60%
MP  20/20        EV  8     Int  7      God: Trog [*****.]
Gold 566         SH  0     Dex 10      Spells:  0 memorised, 11 levels left

Res.Fire  : + + .   See Invis. : .   M - +1,+2 great mace (holy)
Res.Cold  : . . .   Warding    : .   v - +1 dwarf chain mail {rC+}
Life Prot.: + . .   Conserve   : .   (no shield)
Res.Poison: +       Res.Corr.  : .   E - +0 helmet
Res.Elec. : +       Clarity    : .   f - +0 cloak
Sust.Abil.: . .     Spirit.Shd : .   p - +0 pair of gloves
Res.Mut.  : .       Stasis     : .   o - +2 pair of elf boots
Res.Rott. : +       Flight     : .   A - amulet of faith {!P}
Saprovore : . . .                    K - ring of fire
                                     B - ring of protection from fire

@: somewhat resistant to hostile enchantments, extremely unstealthy
A: fangs 1, talons 2, herbivore 1, life protection 1, screaming 1, electricity
resistance, slow metabolism 1, unbreathing, petrification resistance, AC +11
a: Burn Spellbooks, Berserk, Trog's Hand, Brothers in Arms, Renounce Religion


You were on level 3 of the Lair of Beasts.
You worshipped Trog.
Trog was exalted by your worship.
You were not hungry.

You visited 2 branches of the dungeon, and saw 13 of its levels.
You also visited: Labyrinth and Bailey.

You collected 846 gold pieces.
You spent 300 gold pieces at shops.


Innate Abilities, Weirdness & Mutations

You are resistant to torment.
You are immune to poison.
Your stone body is very resilient (AC +11).
You have very sharp teeth.
You have razor-sharp toenails.
You resist negative energy.
You are resistant to electric shocks.
You have a slow metabolism.
You can survive without breathing.
You are immune to petrification.
You digest meat inefficiently.
You occasionally shout uncontrollably.


   Skills:
 + Level 11.0 Fighting
 * Level 12.5 Axes
 + Level 7.2 Maces & Flails
 + Level 10.3 Armour
 - Level 3.3 Dodging
 - Level 5.3 Evocations


You had 11 spell levels left.
You didn't know any spells.

Dungeon Overview and Level Annotations

Branches:
Dungeon (10/27)            Temple (0/1) D:5            Lair (3/8) D:10
    Orc: D:6-11       Swamp: Lair:3-6    Shoals: Lair:3-6     Snake: Lair:3-6
 Spider: Lair:3-6

Altars:
Ashenzari
Cheibriados
Elyvilon
Okawaru

Shops:
D:6: * D:9: =

Inventory:

Hand weapons
 d - a +0,+4 anti-magic executioner's axe
   (Trog gifted it to you on level 8 of the Dungeon)
 C - a +0,+4 dwarven anti-magic battleaxe
   (Trog gifted it to you on level 9 of the Dungeon)
 D - a +5,+5 vampiric war axe {!w}
   (You found it on level 4 of the Dungeon)
 L - a +3,+4 battleaxe of chopping
   (You found it in a labyrinth)
 M - a +1,+2 great mace of holy wrath (weapon)
   (You found it on level 10 of the Dungeon)
Missiles
 b - 8 javelins (quivered)
 l - 3 throwing nets
Armour
 f - a +0 cloak (worn)
   (You found it on level 1 of the Dungeon)
 o - a +2 pair of elven boots (worn)
   (You found it on level 2 of the Dungeon)
 p - a +0 pair of gloves (worn)
   (You found it on level 2 of the Dungeon)
 v - a +1 dwarven chain mail of cold resistance (worn)
   (You found it in a bailey)
 E - a +0 helmet (worn)
   (You found it in a labyrinth)
Magical devices
 m - a wand of hasting (6) {unknown}
   (You found it on level 1 of the Lair of Beasts)
 w - a wand of random effects (3)
   (You found it on level 10 of the Dungeon)
 x - a wand of invisibility (5) {unknown}
   (You found it on level 6 of the Dungeon)
 G - a wand of digging (11) {unknown}
   (You took it off Fannar on level 1 of the Lair of Beasts)
 P - a wand of draining (5) {unknown}
   (You found it on level 3 of the Lair of Beasts)
 Q - a wand of confusion (22) {unknown}
   (You found it on level 2 of the Lair of Beasts)
Comestibles
 c - 5 bread rations
 u - 5 meat rations
 H - a snozzcumber {Eat me}
Scrolls
 e - 5 scrolls of remove curse
 h - 6 scrolls of fear
 k - 5 scrolls of teleportation
 F - 2 scrolls of fog
Jewellery
 A - an amulet of faith (around neck) {!P}
   (You bought it in a shop on level 9 of the Dungeon)
 B - a ring of protection from fire (left hand)
   (You found it on level 3 of the Dungeon)
 I - an uncursed ring of ice
   (You took it off Fannar on level 1 of the Lair of Beasts)
 K - a ring of fire (right hand)
   (You found it in a labyrinth)
Potions
 a - a potion of magic
 g - 3 potions of speed
 i - a potion of heal wounds
 r - 6 potions of curing
 s - 3 potions of restore abilities
 z - a potion of agility
Miscellaneous
 j - a disc of storms
   (You found it in a bailey)
 y - a box of beasts
   (You found it in a bailey)
 N - a lamp of fire (inert)
   (You found it in a labyrinth)
Rods
 O - a +1 rod of destruction (10/10) {!a}
   (You found it in a labyrinth)

..#.# ##}# ####..####.....##...
....####..# #...P.####........
......f...# ###.#.....###.##.##..
..........##.####..##.....###....
............####..####..P.P##....
.............f...#.#......###....
.........###..¤..P.........#.....
.......#.#####¤..................
....f####.# #.ED@................
#...## #.###....................
...P# ###.......................
#..## .# #.......................
##..#..###....................##.
#......l.....f................# .
..............#....... ......##
...........(......... .f.
#.......#..##.......


You could see an eight-headed hydra and a friendly fire elemental.


Message History

The eight-headed hydra bites you.
* * * LOW HITPOINT WARNING * * *
The eight-headed hydra bites you but does no damage.
The eight-headed hydra bites you.
* * * LOW HITPOINT WARNING * * *
The eight-headed hydra bites you!
* * * LOW HITPOINT WARNING * * *
The eight-headed hydra bites you but does no damage.
The eight-headed hydra closely misses you.
The eight-headed hydra bites you but does no damage.
Unknown command.
Unknown command.
Your skin is crawling a little less now.
Evoke which item? (* to show all) (? for menu, Esc to quit)
Aim the lamp in which direction?
The flames dance!
Your skin stops crawling.
You feel less resistant to hostile enchantments.
Unknown command.
Unknown command.
Unknown command.
The eight-headed hydra bites you.
* * * LOW HITPOINT WARNING * * *
The eight-headed hydra bites you but does no damage.
The eight-headed hydra bites you.
* * * LOW HITPOINT WARNING * * *
The eight-headed hydra bites you but does no damage.
The eight-headed hydra bites you.
* * * LOW HITPOINT WARNING * * *
The eight-headed hydra bites you but does no damage.
The eight-headed hydra bites you.
* * * LOW HITPOINT WARNING * * *
Unknown command.
Unknown command.
Unknown command.
Unknown command.
Unknown command.
Drink which item? (? for menu, Esc to quit)
You feel much better.
Your fire elemental hits the eight-headed hydra.
Your fire elemental burns the eight-headed hydra!
The eight-headed hydra bites you.
* * * LOW HITPOINT WARNING * * *
The eight-headed hydra bites you but does no damage.
The eight-headed hydra bites you!
* * * LOW HITPOINT WARNING * * *
The eight-headed hydra closely misses you.
The eight-headed hydra bites you but does no damage.
The eight-headed hydra bites you.
* * * LOW HITPOINT WARNING * * *
The eight-headed hydra bites you but does no damage.
Your fire elemental hits the eight-headed hydra.
Your fire elemental burns the eight-headed hydra!
Unknown command.
You sock the eight-headed hydra!
The eight-headed hydra is severely wounded.
The eight-headed hydra barely misses you.
The eight-headed hydra bites you!
* * * LOW HITPOINT WARNING * * *
The eight-headed hydra bites you.
* * * LOW HITPOINT WARNING * * *
The eight-headed hydra bites you but does no damage.
The eight-headed hydra bites you!
* * * LOW HITPOINT WARNING * * *
The eight-headed hydra bites you.
* * * LOW HITPOINT WARNING * * *
The eight-headed hydra bites you but does no damage.
The eight-headed hydra barely misses you.
The eight-headed hydra bites you.
You die...

Action                   |  1- 3 |  4- 6 |  7- 9 | 10-12 || total
-------------------------+-------+-------+-------+-------++-------
Melee: Mace              |    98 |   213 |    35 |       ||   346
       Unarmed           |       |     2 |       |       ||     2
       War axe           |       |       |   405 |   596 ||  1001
       Executioner's axe |       |       |       |     2 ||     2
       Battleaxe         |       |       |       |    58 ||    58
       Great mace        |       |       |       |    15 ||    15
Invok: Trog's Hand       |       |     4 |     5 |     5 ||    14
       Berserk           |       |     2 |     3 |     2 ||     7
Evoke: Wand              |       |       |       |     3 ||     3
       Miscellaneous     |       |       |       |     1 ||     1
  Use: Scroll            |       |       |    17 |    22 ||    39
       Potion            |       |       |       |     7 ||     7
 Stab: Sleeping          |     1 |     1 |       |       ||     2
       Confused          |       |       |       |     2 ||     2

Vault maps used:
D:1:      ldierk_walled_garden_2
D:2:      minmay_snake_closets
D:3:      serial_glass, glass_columns_b, glass_columns_a
D:4:      minmay_door_path, first_bread, minmay_divided_ellipse,
          uniq_blork_the_orc
D:5:      beetle_altar_1, minmay_temple_entry_statues_pillars
D:6:      serial_glass, glass_columns_c, glass_columns_b, glass_columns_a,
          glass_columns_b, glass_columns_a, glass_columns_a, serial_shops,
          shop_fountains
D:7:      minmay_staircase_statues_hall_small, hangedman_fish_farm,
          grunt_ministairs_1, okawaru_altar_gauntlet_db
D:8:      old_standard_altar, minmay_gold_behind_plants, uniq_prince_ribbit1
D:9:      ashenzari_conservatory_becter, serial_shops, shop, enter_bailey_5,
          uniq_eustachio
D:10:     minmay_wavy_crystal, erik_lair_dragon, hangedman_weighted_door,
          uniq_harold
Lair:1:   lab_entry_generic, uniq_fannar
Lab:      labyrinth_hidden_loot, labyrinth_hungry_ghost
Bailey:   bailey_axe_3, bailey

Notes
Turn   | Place    | Note
--------------------------------------------------------------
     0 | D:1      | Bloax, the Gargoyle Berserker, began the quest for the Orb.
     0 | D:1      | Reached XP level 1. HP: 14/14 MP: 0/0
   263 | D:1      | Reached XP level 2. HP: 19/19 MP: 1/1
   463 | D:1      | Reached skill level 4 in Maces & Flails
   471 | D:1      | Acquired Trog's second power
   474 | D:1      | Reached XP level 3. HP: 22/24 MP: 2/2
   919 | D:2      | Reached XP level 4. HP: 24/28 MP: 3/3
   922 | D:2      | Reached skill level 4 in Fighting
   926 | D:2      | Reached skill level 3 in Armour
  1006 | D:2      | Reached XP level 5. HP: 27/33 MP: 4/4
  1052 | D:2      | Reached skill level 5 in Maces & Flails
  1742 | D:3      | Reached XP level 6. HP: 39/39 MP: 5/5
  1754 | D:3      | Reached skill level 2 in Dodging
  2067 | D:4      | Paralysed by a giant eyeball for 2 turns
  2073 | D:4      | Paralysed by a giant eyeball for 2 turns
  2152 | D:4      | Noticed Blork the orc
  2158 | D:4      | Killed Blork the orc
  2158 | D:4      | Reached skill level 1 in Axes
  2185 | D:4      | Reached skill level 2 in Axes
  2352 | D:4      | Reached XP level 7. HP: 42/44 MP: 6/6
  2398 | D:4      | Acquired Trog's third power
  2662 | D:4      | Reached skill level 5 in Fighting
  2662 | D:4      | Reached skill level 3 in Axes
  3122 | D:4      | HP: 8/44 [orc warrior/orcish hand axe (13)]
  3173 | D:4      | Reached skill level 4 in Axes
  3176 | D:4      | Reached skill level 3 in Dodging
  3225 | D:4      | Reached skill level 5 in Axes
  3321 | D:4      | Reached XP level 8. HP: 49/49 MP: 7/7
  3422 | D:5      | Entered Level 5 of the Dungeon
  3462 | D:5      | Reached skill level 4 in Armour
  3518 | D:5      | Noticed Grabo's ghost (experienced DrTm)
  3553 | D:5      | Killed Grabo's ghost
  3553 | D:5      | Reached skill level 6 in Fighting
  3553 | D:5      | Reached skill level 6 in Axes
  3674 | D:5      | Found a staircase to the Ecumenical Temple.
  3792 | D:5      | Got an ichor-stained chain mail
  3855 | D:4      | Identified the +3 chain mail of Music {rC+} (You found it on level 5 of the Dungeon)
  3876 | D:5      | Found a snail-covered altar of Cheibriados.
  4087 | D:6      | Reached skill level 7 in Axes
  4087 | D:6      | Reached skill level 5 in Armour
  4099 | D:6      | Reached XP level 9. HP: 55/55 MP: 8/8
  4306 | D:6      | Found Daakaaph's General Store.
  4482 | D:6      | Reached skill level 7 in Fighting
  4708 | D:7      | Received a gift from Trog
  4713 | D:7      | Reached skill level 6 in Armour
  4717 | D:7      | Reached skill level 8 in Axes
  4746 | D:7      | Got a bloodstained scimitar {god gift}
  4750 | D:7      | Identified the scimitar "Pamacif" {god gift, venom, Hunger rElec Int+3} (Trog gifted it to you on level 7 of the Dungeon)
  4940 | D:7      | Found an iron altar of Okawaru.
  5271 | D:8      | Received a gift from Trog
  5303 | D:8      | Reached skill level 8 in Fighting
  5318 | D:8      | Found a white marble altar of Elyvilon.
  5347 | D:8      | Reached skill level 7 in Armour
  5347 | D:8      | Reached XP level 10. HP: 56/62 MP: 9/9
  5403 | D:8      | Reached skill level 9 in Axes
  5545 | D:8      | Noticed Prince Ribbit
  5564 | D:8      | Killed Prince Ribbit
  6000 | D:9      | Noticed Eustachio
  6009 | D:9      | Killed Eustachio
  6057 | D:9      | Found a flagged portal.
  6078 | Bailey   | Entered a bailey
  6123 | Bailey   | Noticed an orc knight
  6138 | Bailey   | Killed an orc knight
  6148 | Bailey   | Found a burning altar of Makhleb.
  6168 | Bailey   | Reached skill level 9 in Fighting
  6220 | Bailey   | Got an ancient leather armour
  6234 | Bailey   | Identified the cursed -3 leather armour of the Blessed Realm {rC+ Int+2 Dam-4} (You found it in a bailey)
  6358 | D:9      | Found a shattered altar of Ashenzari.
  6420 | D:9      | Found Erab Xaug's Jewellery Shoppe.
  6424 | D:9      | Bought an uncursed amulet of faith for 300 gold pieces
  6461 | D:9      | Reached skill level 8 in Armour
  6490 | D:9      | Reached skill level 10 in Axes
  6491 | D:9      | Reached skill level 1 in Evocations
  6531 | D:9      | Received a gift from Trog
  6669 | D:9      | Reached skill level 2 in Evocations
  6760 | D:9      | Noticed foonesh's ghost (experienced DECj)
  6785 | D:9      | Killed foonesh's ghost
  6785 | D:9      | Reached XP level 11. HP: 37/68 MP: 7/14
  6911 | D:10     | Entered Level 10 of the Dungeon
  6948 | D:10     | Noticed a catoblepas
  6970 | D:10     | Killed a catoblepas
  6970 | D:10     | Reached skill level 3 in Evocations
  6974 | D:10     | Identified the Almanac of Hexes (You found it on level 10 of the Dungeon)
  7390 | D:10     | Noticed Harold
  7412 | D:10     | Killed Harold
  7412 | D:10     | Reached skill level 11 in Axes
  7412 | D:10     | Reached skill level 9 in Armour
  7890 | D:10     | Found a staircase to the Lair.
  7934 | Lair:1   | Entered Level 1 of the Lair of Beasts
  7946 | Lair:1   | Found a labyrinth entrance.
  7957 | Lair:1   | Noticed Fannar
  7972 | Lair:1   | Killed Fannar
  7972 | Lair:1   | Received a gift from Trog
  7972 | Lair:1   | Reached skill level 10 in Fighting
  7972 | Lair:1   | Reached skill level 4 in Evocations
  7986 | Lab      | Entered a labyrinth
  8235 | Lab      | Noticed a minotaur
  8244 | Lab      | Killed a minotaur
  8421 | Lair:1   | Identified a +1 rod of destruction (10/10) (You found it in a labyrinth)
  9473 | Lair:1   | Reached XP level 12. HP: 75/75 MP: 19/19
  9708 | Lair:2   | Reached skill level 5 in Evocations
  9740 | Lair:2   | Reached skill level 12 in Axes
 10289 | Lair:2   | Reached skill level 6 in Maces & Flails
 10296 | Lair:2   | Received a gift from Trog
 10336 | Lair:2   | Reached skill level 10 in Armour
 10954 | Lair:3   | Gained mutation: You occasionally shout uncontrollably. [potion of mutation]
 10954 | Lair:3   | Gained mutation: You digest meat inefficiently. [potion of mutation]
 11059 | Lair:3   | Noticed a six-headed hydra
 11073 | Lair:3   | HP: 16/76 [six-headed hydra (10)]
 11073 | Lair:3   | HP: 2/76 [six-headed hydra (8)]
 11080 | Lair:3   | HP: 25/114 [six-headed hydra (9)]
 11081 | Lair:3   | Killed a six-headed hydra
 11081 | Lair:3   | Reached skill level 11 in Fighting
 11081 | Lair:3   | Reached skill level 7 in Maces & Flails
 11551 | Lair:3   | Noticed an eight-headed hydra
 11562 | Lair:3   | HP: 14/76 [eight-headed hydra (11)]
 11584 | Lair:3   | HP: 14/76 [eight-headed hydra (8)]
 11584 | Lair:3   | HP: 2/76 [eight-headed hydra (8)]
 11584 | Lair:3   | Slain by an eight-headed hydra

Vanquished Creatures
  A minotaur (Lab)
  Fannar (Lair:1)
  Harold (D:10)
  A hydra (Lair:3)
  A catoblepas (D:10)
  The ghost of foonesh the Conjurer, an experienced DECj of Vehumet (D:9)
  An orc knight (Bailey)
  A spectral griffon (D:10)
  3 spiny frogs
  The ghost of Grabo the Insei, an experienced DrTm of Okawaru (D:5)
  A fire drake (Lair:3)
  3 komodo dragons
  A minotaur zombie (Lab)
  A troll (D:9)
  Prince Ribbit (D:8)
  A two-headed ogre (D:9)
  A merfolk (D:7)
  A hill giant zombie (D:10)
  15 yaks
  Eustachio (D:9)
  3 hippogriffs
  4 vampire mosquitoes
  A hill giant skeleton (D:9)
  2 hungry ghosts
  10 wolves (Lair:2)
  2 porcupines
  A swamp drake (D:10)
  5 sky beasts
  2 ice beasts
  A yellow wasp (D:8)
  A phantom (D:9)
  6 orc warriors
  3 centaurs
  5 crocodiles
  A giant slug (Lair:2)
  5 water moccasins
  Blork the orc (D:4)
  10 giant frogs
  An agate snail (Lair:2)
  A troll zombie (D:10)
  3 wights (D:8)
  2 goliath beetles
  8 crimson imps
  2 gnoll shamans
  2 big fish (D:7)
  6 hounds
  6 orc priests
  A scorpion (D:5)
  A giant frog skeleton (D:9)
  7 iguanas
  13 orc wizards
  8 worker ants
  4 sheep (Lair:3)
  A mottled dragon zombie (D:10)
  An ogre zombie (D:10)
  A big kobold zombie (D:10)
  4 jellies
  A mummy (D:10)
  22 adders
  A worker ant zombie (D:10)
  A giant centipede (Lair:1)
  19 gnolls
  2 green rats (D:9)
  A giant mite (D:5)
  6 worms
  An adder zombie (D:5)
  4 giant eyeballs
  6 giant geckos
  An ooze (D:4)
  45 orcs
  7 ball pythons
  17 bats
  A bat skeleton (D:5)
  5 giant cockroaches
  19 goblins
  21 hobgoblins
  13 jackals
  8 giant newts
  A gnoll zombie (D:7)
  A jackal skeleton (D:7)
  22 kobolds
  An orc skeleton (D:5)
  An orc zombie (D:10)
  7 quokkas
  25 rats
  3 fungi
  A plant (D:8)
436 creatures vanquished.

Vanquished Creatures (others)
  A fungus (Lair:3)
  4 toadstools (D:1)
5 creatures vanquished.

Grand Total: 441 creatures vanquished
